 Dungeon Crawl Stone Soup version 0.29.1-1-gd02db6906a (webtiles) character file.

Game seed: 15578976503064440848

12 Sabo the Gusty (level 2, -2/15 HPs)
             Began as a Gargoyle Air Elementalist on Sept 27, 2022.
             Was a Follower of Vehumet.
             Slain by a gnoll
             ... wielding a +0 whip
              (8 damage)
             ... on level 1 of the Dungeon.
             The game lasted 00:05:09 (732 turns).

Sabo the Gusty (Gargoyle Air Elementalist)           Turns: 732, Time: 00:05:10

Health: -2/15      AC:  4    Str: 11    XL:     2   Next: 33%
Magic:  0/5        EV: 12    Int: 15    God:    Vehumet [*.....]
Gold:   3          SH:  0    Dex: 10    Spells: 4/5 levels left

rFire   . . .      SeeInvis .   g - +0 short sword
rCold   . . .      Faith    .   (no shield)
rNeg    + . .      Spirit   .   a - +0 robe
rPois   ∞          Reflect  .   (no helmet)
rElec   +          Harm     .   (no cloak)
rCorr   .          Rampage  .   (no gloves)
Will    .....                   (no boots)
Stlth   ++........              (no amulet)
HPRegen 0.05/turn               (no ring)
MPRegen 0.09/turn               (no ring)

@: very slightly contaminated
A: sickness immunity, AC +2, negative energy resistance 1, electricity
resistance, torment resistance 1, petrification resistance
a: Renounce Religion


You were on level 1 of the Dungeon.
You worshipped Vehumet.
Vehumet was aware of your devotion.
You visited 1 branch of the dungeon, and saw 1 of its levels.

You collected 3 gold pieces.

Inventory:

Hand Weapons
 g - a +0 short sword (weapon)
Missiles
 c - 6 poisoned darts (quivered)
Armour
 a - a +0 robe (worn)
Scrolls
 f - a scroll of teleportation {unknown}
 h - a scroll of immolation {unknown}
Potions
 b - a potion of magic
 d - a potion of heal wounds {unknown}
 e - a potion of attraction {unknown}
 i - a potion of mutation {unknown}


   Skills:
 + Level 1.6 Dodging
 + Level 2.5 Stealth
 + Level 0.1 Unarmed Combat
 + Level 2.0 Spellcasting
 + Level 1.1 Conjurations
 + Level 2.7 Air Magic


You had 4 spell levels left.
You knew the following spells:

 Your Spells              Type           Power      Damage    Failure   Level
a - Shock                 Conj/Air       28%        1d4       10%         1

Your spell library contained the following spells:

 Spells                   Type           Power      Damage    Failure   Level
 Magic Dart               Conj           16%        1d3       14%         1
 Static Discharge         Conj/Air       7%         3-4/arc   16%         2
 Swiftness                Air            9%         N/A       22%         3
 Airstrike                Air            4%         2d(1-17)  56%         4


Dungeon Overview and Level Annotations

Branches:
Dungeon (1/15)

Altars:
Vehumet


Innate Abilities, Weirdness & Mutations

You are immune to sickness and miasma.
Your stone body is resilient. (AC +2)
You are immune to poison.
You resist negative energy. (rN+)
You are resistant to electric shocks. (rElec)
You are resistant to unholy torment.
You are immune to petrification.


Message History

Aim: a gnoll, wielding a +0 whip (72% to hit)
The zap hits the gnoll.
The gnoll is moderately wounded.
A jackal comes into view.
Casting: Shock (safe; 10% risk of failure)
Confirm with . or Enter, or press ? or * to list all spells.
Aiming: Shock (safe; 10% risk of failure)
Press: ? - help, Shift-Dir - straight line, f/p - gnoll
Aim: a gnoll, wielding a +0 whip (moderately wounded, 72% to hit)
The zap misses the gnoll.
Casting: Shock (safe; 10% risk of failure)
Confirm with . or Enter, or press ? or * to list all spells.
Aiming: Shock (safe; 10% risk of failure)
Press: ? - help, Shift-Dir - straight line, f/p - gnoll
Aim: a gnoll, wielding a +0 whip (moderately wounded, 72% to hit)
The zap hits the gnoll.
The gnoll is moderately wounded.
The zap hits the jackal.
The jackal is lightly wounded.
You hear a bark!
The kobold hits you with a +0 short sword.
The gnoll hits you with a +0 whip.
You hear a bark!
Casting: Shock (safe; 10% risk of failure)
Confirm with . or Enter, or press ? or * to list all spells.
Aiming: Shock (safe; 10% risk of failure)
Press: ? - help, Shift-Dir - straight line, f/p - gnoll
Aim: a gnoll, wielding a +0 whip (moderately wounded, 72% to hit)
The zap misses the gnoll.
The zap hits the jackal but does no damage.
The jackal is lightly wounded.
The kobold hits you but does no damage. The gnoll hits you with a +0 whip.
You hit the gnoll.
The gnoll is heavily wounded.
The gnoll hits you but does no damage. The kobold misses you.
You hit the gnoll.
The gnoll is severely wounded.
The kobold hits you but does no damage. The gnoll hits you with a +0 whip!
Ouch! That really hurt!
You die...

#....###P###.###.#
.#
#....#...P_...P#$#
#....###P###.###?# #
####.#......P..#.#.#
#
#.#.#P#.#P#P#.#.##.#
#.#......P..#.#...
#.###.###P###h..#
..#.........#Kg.#
#............@#
###.#.#†.##.###
#...........
###..#.###?...
##.#.. .##.# #.#...
.. . #.#.######


You could see a gnoll, a jackal and a kobold.

Vanquished Creatures
  2 bats (D:1)
  An endoplasm (D:1)
  A goblin (D:1)
  2 hobgoblins (D:1)
  A kobold (D:1)
  A quokka (D:1)
  A ball python (D:1)
  A frilled lizard (D:1)
10 creatures vanquished.

Notes
Turn   | Place    | Note
-------+----------+-------------------------------------------
     0 | D:1      | Sabo the Gargoyle Air Elementalist began the quest for the
                  | Orb.
     0 | D:1      | Reached XP level 1. HP: 10/10 MP: 3/3
   429 | D:1      | Reached XP level 2. HP: 15/15 MP: 1/5
   652 | D:1      | Found a faded altar of an unknown god.
   656 | D:1      | Prayed at the altar of an unknown god.
   656 | D:1      | Became a worshipper of Vehumet
   656 | D:1      | Reached * piety under Vehumet
   656 | D:1      | Offered knowledge of Magic Dart by Vehumet.
   732 | D:1      | Slain by a gnoll

Illustrated notes

Levels and vault maps discovered:
D:1:      saegor_arrival_simple_c, layout_loops_ring,
          shapermc_ecumenical_altar_mp_urbaneastern, bh_walls_and_bars

Action                   || total
-------------------------++-------
Melee: Unarmed           ||    29
       Short sword       ||     5
 Cast: Shock             ||    21
Armor: Robe              ||    18
Dodge: Dodged            ||    26
